 Dungeon Crawl Stone Soup version 0.29.1-13-g9f3cf754e1 (webtiles) character file.

Game seed: 9134817180022008235

12934 sanboga the Cleaver (level 12, -8/118 HPs)
             Began as a Gargoyle Berserker on Jan 29, 2023.
             Was an Elder of Trog.
             Mangled by a fire elemental (14 damage)
             ... summoned by a deep elf pyromancer
             ... on level 12 of the Dungeon.
             The game lasted 00:12:41 (13693 turns).

sanboga the Cleaver (Gargoyle Berserker)           Turns: 13693, Time: 00:12:42

Health: -8/118     AC: 33    Str: 32    XL:     12   Next: 0%
Magic:  12/12      EV:  9    Int:  8    God:    Trog [****..]
Gold:   471        SH:  0    Dex:  9    Spells: 11/11 levels left

rFire   . . .      SeeInvis .   o - +1 broad axe
rCold   . . .      Faith    .   (no shield)
rNeg    + + .      Spirit   .   w - +5 chain mail of Gixeyp {rN+}
rPois   ∞          Reflect  .   c - +1 hat
rElec   +          Harm     .   A - +1 cloak {Stlth+}
rCorr   .          Rampage  .   j - +0 pair of gloves
Will    .....                   e - +1 pair of boots
Stlth   ..........              y - amulet of the acrobat
HPRegen 0.29/turn               F - +6 ring of strength
MPRegen 0.13/turn               (no ring)

@: berserking (expiring), studying Throwing, very quick
A: sickness immunity, AC +8, negative energy resistance 1, electricity
resistance, torment resistance 1, petrification resistance
a: Renounce Religion, Berserk, Trog's Hand, Brothers in Arms


You were on level 12 of the Dungeon.
You worshipped Trog.
Trog was greatly pleased with you.
You visited 1 branch of the dungeon, and saw 12 of its levels.

You collected 870 gold pieces.
You spent 399 gold pieces at shops.

Inventory:

Hand Weapons
 d - a +1 hand axe of electrocution
 o - a +1 broad axe (weapon)
Armour
 c - a +1 hat (worn)
 e - a +1 pair of boots (worn)
 j - a +0 pair of gloves (worn)
 w - the +5 chain mail of Gixeyp (worn) {rN+}
   (You took it off an orc warrior on level 8 of the Dungeon)

   rN:        It protects you from negative energy.
 A - a +1 cloak of stealth (worn)
Jewellery
 y - an amulet of the acrobat (around neck)
 F - a +6 ring of strength (left hand)
Wands
 a - a wand of acid (16)
 b - a wand of charming (13)
 i - a wand of flame (20)
 l - a wand of mindburst (10)
 m - a wand of roots (7)
 E - a wand of polymorph (4)
Scrolls
 f - a scroll of magic mapping
 p - 4 scrolls of teleportation
 v - 5 scrolls of identify
 x - 3 scrolls of enchant armour
 C - a scroll of fear
 D - a scroll of blinking
Potions
 g - 8 potions of might
 h - 2 potions of curing
 k - a potion of haste
 n - a potion of berserk rage
 q - a potion of invisibility
 r - 2 potions of cancellation
 s - 3 potions of heal wounds
 t - 3 potions of flight
 u - 2 potions of ambrosia
 z - a potion of resistance
 B - a potion of mutation


   Skills:
 + Level 10.9 Fighting
 * Level 12.6 Axes
 + Level 10.6 Armour
 - Level 1.5 Dodging


You had 11 spell levels left.
You didn't know any spells.
Your spell library was empty.

Dungeon Overview and Level Annotations

Branches:
Dungeon (12/15)            Temple (0/1) D:6            Lair (0/5) D:10
    Orc (0/2) D:9

Altars:
Ashenzari
Dithmenos
Fedhas
Kikubaaqudgha

Shops:
D:2 (   D:3 *(   D:10 *

Annotations:
D:10 exclusion: obsidian statue
D:11 exclusion: obsidian statue


Innate Abilities, Weirdness & Mutations

You are immune to sickness and miasma.
Your stone body is resilient. (AC +8)
You are immune to poison.
You resist negative energy. (rN+)
You are resistant to electric shocks. (rElec)
You are resistant to unholy torment.
You are immune to petrification.


Message History

The 13-headed hydra closely misses you.
The 13-headed hydra bites you but does no damage. x5
The 13-headed hydra barely misses you. The 13-headed hydra closely misses you.
The 13-headed hydra bites you but does no damage.
The 13-headed hydra barely misses you.
You slice the vampire mosquito!!
You destroy the vampire mosquito!
Trog accepts your kill.
You barely miss the 13-headed hydra.
You have reached level 12!
You feel clever.
You chop one of the 13-headed hydra's heads off!
The 12-headed hydra grows two more!
You slash the 14-headed hydra!
The 14-headed hydra is heavily wounded.
You closely miss the fire elemental.
The 14-headed hydra bites you but does no damage.
The 14-headed hydra bites you.
The 14-headed hydra bites you but does no damage. x2
The 14-headed hydra bites you! x3; The 14-headed hydra bites you.
The 14-headed hydra bites you but does no damage. x2
The 14-headed hydra bites you. x3
The 14-headed hydra bites you but does no damage.
The fire elemental hits you. The fire elemental burns you!
* * * LOW HITPOINT WARNING * * *
The deep elf pyromancer mumbles some strange words.
You barely miss the 14-headed hydra.
The 14-headed hydra is heavily wounded.
You barely miss the fire elemental. The fire elemental barely misses you.
The 14-headed hydra bites you but does no damage. x4
The 14-headed hydra bites you!
* * * LOW HITPOINT WARNING * * *
The 14-headed hydra bites you but does no damage. x6
The 14-headed hydra bites you!
* * * LOW HITPOINT WARNING * * *
The 14-headed hydra bites you but does no damage. x2
You barely miss the 14-headed hydra.
The 14-headed hydra is heavily wounded.
You barely miss the fire elemental. The fire elemental hits you.
The fire elemental burns you!
You die...

##########################
.....................[....
.#..##....#....#..#......#
..........##########......
###..?.E@# #'#####
#.#.☼ED# #.# #..eE#○# #.#
#...○..'. #######
######.'..# ... ..#≈..#
###. .##≈...e .... . ≈≈≈≈≈
.... #### ....


You could see a 14-headed hydra, a deep elf pyromancer and 3 fire elementals.

Vanquished Creatures
  A hydra (D:11)
  A boulder beetle (D:11)
  3 two-headed ogres
  The ghost of mandoloar the Nimble, a novice DjCj of Makhleb (D:8)
  Pikel (D:7)
  An oklob plant (D:11)
  A cyclops (D:11)
  Joseph (D:7)
  A hornet (D:9)
  Prince Ribbit (D:8)
  4 trolls
  16 yaks
  A vampire mosquito (D:12)
  4 steam dragons
  2 wargs (D:9)
  Menkaure (D:5)
  A water moccasin (D:8)
  An acid dragon (D:11)
  4 orc warriors
  An ice beast (D:6)
  2 ogres
  5 centaurs
  A lemure (D:7)
  2 kobold brigands
  3 bullfrogs
  A necrophage (D:6)
  A scorpion (D:5)
  12 wights
  3 howler monkeys
  2 electric eels (D:8)
  3 vampire bats (D:10)
  A jelly (D:6)
  A hound (D:6)
  7 orc priests
  Crazy Yiuf (D:2)
  3 iguanas
  Ijyb (D:3)
  3 orc wizards
  3 gnolls (D:3)
  9 adders
  A shadow imp (D:7)
  2 worms
  3 dart slugs
  24 orcs
  13 ball pythons
  2 bat skeletons (D:10)
  5 bat zombies (D:10)
  5 endoplasms
  4 giant cockroaches
  6 hobgoblins
  10 jackals
  13 kobolds
  3 quokkas
  9 bats
  3 frilled lizards
  12 goblins
  2 rats (D:3)
228 creatures vanquished.

Vanquished Creatures (others)
  11 plants (D:11)
11 creatures vanquished.

Grand Total: 239 creatures vanquished

Notes
Turn   | Place    | Note
-------+----------+-------------------------------------------
     0 | D:1      | sanboga the Gargoyle Berserker began the quest for the Orb.
     0 | D:1      | Reached XP level 1. HP: 14/14 MP: 1/1
   138 | D:1      | Reached XP level 2. HP: 19/19 MP: 2/2
   143 | D:1      | Reached skill level 3 in Axes
   351 | D:1      | Found a faded altar of an unknown god.
   572 | D:1      | Reached XP level 3. HP: 19/23 MP: 3/3
   670 | D:1      | Reached ** piety under Trog
  1486 | D:2      | Found a runed translucent door.
  1487 | D:2      | Noticed Crazy Yiuf
  1559 | D:2      | Reached XP level 4. HP: 29/29 MP: 4/4
  1582 | D:2      | Found Zemounyq's Weapon Boutique.
  1594 | D:2      | Bought a +0 broad axe for 40 gold pieces
  1893 | D:2      | Killed Crazy Yiuf
  2042 | D:3      | Reached skill level 4 in Axes
  2082 | D:3      | Reached XP level 5. HP: 33/33 MP: 5/5
  2166 | D:3      | Found Uliem's Assorted Antiques.
  2172 | D:3      | Bought a grey potion for 19 gold pieces
  2172 | D:3      | Bought a yellow potion for 19 gold pieces
  2172 | D:3      | Bought a scroll labelled ZUACRU MIERAL for 22 gold pieces
  2580 | D:3      | Noticed Ijyb
  2622 | D:3      | Killed Ijyb
  2825 | D:3      | Found Plog's Weapon Shoppe.
  3347 | D:4      | Reached *** piety under Trog
  3348 | D:4      | Reached XP level 6. HP: 39/39 MP: 6/6
  3548 | D:5      | Entered Level 5 of the Dungeon
  3699 | D:5      | Noticed a yak
  3724 | D:5      | Killed a yak
  3725 | D:5      | Reached skill level 5 in Axes
  3784 | D:5      | Reached skill level 5 in Fighting
  3784 | D:5      | Reached XP level 7. HP: 37/44 MP: 7/7
  3844 | D:5      | Noticed Menkaure
  3853 | D:5      | Killed Menkaure
  4136 | D:5      | Noticed a yak
  4136 | D:5      | Noticed a yak
  4145 | D:5      | Killed a yak
  4150 | D:5      | Killed a yak
  4151 | D:5      | Reached skill level 6 in Axes
  4151 | D:5      | Reached skill level 5 in Armour
  4426 | D:5      | Reached XP level 8. HP: 33/51 MP: 8/8
  5400 | D:6      | Found a staircase to the Ecumenical Temple.
  5430 | D:6      | Reached skill level 7 in Axes
  6652 | D:7      | Reached XP level 9. HP: 22/56 MP: 9/9
  6939 | D:7      | Noticed Joseph
  6947 | D:7      | Noticed Pikel
  6956 | D:7      | Killed Joseph
  6957 | D:7      | Reached skill level 8 in Axes
  6966 | D:7      | Killed Pikel
  7744 | D:8      | Reached skill level 9 in Axes
  7876 | D:8      | Found a blossoming altar of Fedhas.
  7876 | D:8      | Noticed Prince Ribbit
  7888 | D:8      | Killed Prince Ribbit
  7942 | D:8      | Reached XP level 10. HP: 21/64 MP: 10/10
  8187 | D:8      | Found a runed translucent gate.
  8187 | D:8      | Found a runed translucent gate.
  8187 | D:8      | Found a runed translucent gate.
  8192 | D:8      | Noticed mandoloar's ghost (novice DjCj)
  8193 | D:8      | Identified the +5 chain mail of Gixeyp {rN+}
  8201 | D:8      | Found a broken altar of Ashenzari.
  8437 | D:8      | Reached skill level 10 in Axes
  9113 | D:8      | Killed mandoloar's ghost
  9291 | D:9      | Reached **** piety under Trog
  9424 | D:9      | Identified the +6 dagger "Raisin" {protect, rC+ Str+2 SInv}
  9586 | D:9      | Reached skill level 11 in Axes
  9586 | D:9      | Reached XP level 11. HP: 60/71 MP: 11/11
  9715 | D:9      | Identified the +1 leather armour of Servitude {rCorr}
  9757 | D:9      | Found a staircase to the Orcish Mines.
 10198 | D:10     | Entered Level 10 of the Dungeon
 10224 | D:10     | Found a shadowy altar of Dithmenos.
 10338 | D:10     | Found Cobloiq's General Store.
 10345 | D:10     | Bought 2 scrolls of enchant armour for 195 gold pieces
 10345 | D:10     | Bought a potion of mutation for 104 gold pieces
 10460 | D:10     | Found an ancient bone altar of Kikubaaqudgha.
 10600 | D:10     | Found a staircase to the Lair.
 10650 | D:10     | You fall into a shaft and drop 1 floor!
 10655 | D:11     | Noticed a two-headed ogre
 10668 | D:11     | Killed a two-headed ogre
 10669 | D:11     | Reached skill level 10 in Fighting
 10909 | D:11     | Noticed a four-headed hydra
 10916 | D:11     | Killed a four-headed hydra
 11325 | D:10     | Noticed an obsidian statue
 11868 | D:11     | Noticed a two-headed ogre
 11877 | D:11     | Killed a two-headed ogre
 11878 | D:11     | Reached skill level 10 in Armour
 11929 | D:11     | Noticed a cyclops
 11935 | D:11     | Killed a cyclops
 11936 | D:11     | Reached skill level 12 in Axes
 11956 | D:11     | Noticed a boulder beetle
 11977 | D:11     | Killed a boulder beetle
 12255 | D:11     | Noticed an obsidian statue
 12598 | D:11     | Found a blossoming altar of Fedhas.
 12623 | D:11     | Noticed an oklob plant
 12779 | D:11     | Killed an oklob plant
 13326 | D:12     | Identified the +8 halberd of Broken Luck {speed, rC+ Int+3}
 13337 | D:12     | Noticed a two-headed ogre
 13348 | D:12     | Killed a two-headed ogre
 13663 | D:12     | Identified the +0 leather armour of the Leaf {Str+2}
 13679 | D:12     | Noticed a seven-headed hydra
 13680 | D:12     | Noticed a deep elf pyromancer
 13691 | D:12     | Reached XP level 12. HP: 75/79 MP: 12/12
 13693 | D:12     | Mangled by a fire elemental

Illustrated notes

Levels and vault maps discovered:
D:1:      dpeg_arrival_fog, layout_rooms, shapermc_ecumenical_altar_pompeii
D:2:      layout_basic, serial_shops, nicolae_shop_window_shopping,
          uniq_crazy_yiuf_cottage
D:3:      layout_loops_corners, serial_shops, nicolae_shop_hallway_plus, shop,
          uniq_ijyb
D:4:      layout_cave_pools, kennysheep_generic_room_11
D:5:      layout_loops_corners, minmay_door_square, uniq_menkaure
D:6:      layout_cave_pods, minmay_temple_entry_water_ring, corexii_shack
D:7:      layout_basic, grunt_ogre_cave, uniq_joseph, uniq_pikel
D:8:      layout_loops_corners, mainiacjoe_overflow_catch_the_wave,
          biasface_ghost_orc_armoury, uniq_prince_ribbit1
D:9:      layout_cave_pools, david_orc_1_choice
D:10:     layout_stronghold, kennysheep_vampire_church,
          mainiacjoe_overflow_six_doors_small, lair_entry_dummy, serial_shops,
          shop, minmay_protected_statue
D:11:     layout_irregular_city, minivault_15, grunt_decor_junction, tgw_fedhas
D:12:     layout_stronghold, kennysheep_generic_room_7

Skill      XL: |  1  2  3  4  5  6  7  8  9 10 11 |
---------------+----------------------------------+-----
Axes           | 3 4 5 6 7 9 11 12 | 12.6
Armour         | 3 4 5 6 7 9 10 | 10.6
Fighting       | 4 5 6 8 9 10 | 10.9
Dodging        | |  1.5

Action                   |  1- 3 |  4- 6 |  7- 9 | 10-12 || total
-------------------------+-------+-------+-------+-------++-------
Melee: Hand axe          |   105 |   195 |   251 |    81 ||   632
       Punch             |       |       |     2 |     5 ||     7
       Broad axe         |       |       |       |   289 ||   289
Invok: Berserk           |       |     3 |     8 |     8 ||    19
Evoke: Wand              |       |       |       |     6 ||     6
  Use: Scroll            |       |    17 |     3 |     7 ||    27
Armor: Animal skin       |     4 |       |       |       ||     4
       Plate armour      |    79 |   132 |   204 |    56 ||   471
       Chain mail        |       |       |       |   257 ||   257
Dodge: Dodged            |    50 |    82 |   128 |   197 ||   457
